 Dungeon Crawl Stone Soup version 0.17-a0-1-g1f4be75 (webtiles) character file.

229 Malachi the Skirmisher (level 5, 0/46 HPs)
             Began as a Centaur Fighter on Mar 11, 2015.
             Succumbed to poison (a potion of poison)
             ... on level 3 of the Dungeon.
             The game lasted 00:05:19 (2139 turns).

Malachi the Skirmisher (Centaur Fighter)            Turns: 2139, Time: 00:05:19

Health: 0/46       AC:  6    Str: 20      XL:     5   Next: 71%
Magic:  4/4        EV:  5    Int:  7      God:
Gold:   123        SH:  8    Dex:  5 (8)  Spells: 0 memorised, 4 levels left

rFire  . . .     SeeInvis .     a - +0 long sword
rCold  . . .     Clarity  .     b - +0 scale mail
rNeg   . . .     SustAb   .     c - +0 shield
rPois  .         Gourm    .     (no helmet)
rElec  .         Spirit   .     (no cloak)
rCorr  .         Warding  .     (no gloves)
rMut   .         Stasis   .     (no barding)
MR     .....                    (no amulet)
Stlth  ..........               (no ring)
                                h - ring of teleport control

@: lethally poisoned (0 -> -13), very quick, not resistant to hostile
enchantments, extremely unstealthy
A: hooves 3, deformed body, speed 2, tough skin 3
a: Evoke Teleport Control


You were on level 3 of the Dungeon.
You were not hungry.

You visited 1 branch of the dungeon, and saw 3 of its levels.

You collected 123 gold pieces.

Inventory:

Hand weapons
 a - a +0 long sword (weapon)
Armour
 b - a +0 scale mail (worn)
 c - a +0 shield (worn)
Jewellery
 h - a ring of teleport control (left hand)
 o - an uncursed ring of see invisible {unknown}
 v - an uncursed amulet of resist mutation {unknown}
Magical devices
 s - a wand of frost (19)
Scrolls
 f - 2 scrolls of magic mapping {unknown}
 j - 2 scrolls of immolation {unknown}
 k - 6 scrolls of identify {unknown}
 n - a scroll of random uselessness {unknown}
 p - 3 scrolls of remove curse {unknown}
 t - a scroll of amnesia {unknown}
 u - a scroll of recharging {unknown}
Potions
 e - a potion of might
Comestibles
 d - 2 bread rations
 g - 4 chunks of flesh
 m - 2 meat rations


   Skills:
 + Level 4.2 Fighting
 + Level 2.6 Long Blades
 + Level 3.1 Armour
 + Level 1.0 Dodging
 + Level 0.2 Stealth
 + Level 2.7 Shields
 + Level 0.2 Evocations


You had 4 spell levels left.
You didn't know any spells.

Dungeon Overview and Level Annotations

Branches:
Dungeon (3/15)

Altars:


Innate Abilities, Weirdness & Mutations

You have hooves in place of feet.
Armour fits poorly on your strangely shaped body.
You cover ground very quickly.
You have extremely tough skin (AC +3).


Message History

* * * LOW HITPOINT WARNING * * *
You feel sick. The adder bites you but does no damage.
The goblin hits you with a club.
* * * LOW HITPOINT WARNING * * *
Drink which item? (? for menu, Esc to quit)
It was a potion of degeneration.
There was something very wrong with that liquid.
You feel clumsy.
* * * LOW HITPOINT WARNING * * *
You feel sick. The adder bites you but does no damage.
You block the adder's attack.
Drink which item? (? for menu, Esc to quit)
Okay, then.
* * * LOW HITPOINT WARNING * * *
You feel sick.
* * * LOW HITPOINT WARNING * * *
You feel sick.
* * * LOW HITPOINT WARNING * * *
You feel sick.
You die...

.....#...#..##............
#.....#..#.....#.......
###.............#.#....
#....................
#.....#.....#####....
######.##.#..[.........(.
##......##.#.#....######..
##.....###....#.#...#####.#
#.....Sg..@.###.#.#.......#
#........##.##..#.######...
#.......###.#..##.# #......
##.....####...†##.###...#..
#.......#......##..........
#...............##......###
.......##..<...#..#...##
......##......#.###...#
.#..#........##..#.#


You could see an adder and a goblin.

Vanquished Creatures
  The ghost of Liam the Magician, an average DEWz (D:3)
  Natasha (twice) (D:3)
  Jessica (D:3)
  2 adders (D:2)
  A worm (D:2)
  3 giant geckos (D:1)
  An ooze (D:1)
  A ball python (D:2)
  2 bats (D:1)
  6 hobgoblins
  14 kobolds
  2 giant cockroaches (D:2)
  4 giant newts
  3 goblins
  7 rats
50 creatures vanquished.

Notes
Turn   | Place    | Note
--------------------------------------------------------------
     0 | D:1      | Malachi, the Centaur Fighter, began the quest for the Orb.
     0 | D:1      | Reached XP level 1. HP: 19/19 MP: 1/1
    91 | D:1      | Reached XP level 2. HP: 17/26 MP: 2/2
   702 | D:2      | Reached XP level 3. HP: 31/31 MP: 3/3
  1650 | D:2      | o
  1684 | D:3      | Noticed Natasha
  1691 | D:3      | Noticed Liam's ghost (average DEWz)
  1693 | D:3      | Killed Natasha
  1693 | D:3      | Reached XP level 4. HP: 25/40 MP: 3/3
  1849 | D:3      | Killed Liam's ghost
  1849 | D:3      | Reached skill level 1 in Dodging
  1849 | D:3      | Reached XP level 5. HP: 41/46 MP: 4/4
  1860 | D:3      | Noticed Natasha
  1864 | D:3      | Killed Natasha
  1864 | D:3      | Reached skill level 4 in Fighting
  1911 | D:3      | Noticed Jessica
  1920 | D:3      | Killed Jessica
  2137 | D:3      | HP: 2/46 [poison (a potion of poison)]
  2139 | D:3      | Succumbed to poison (a potion of poison)

Action                   |  1- 3 |  4- 6 || total
-------------------------+-------+-------++-------
Melee: Long sword        |   141 |    67 ||   208
Evoke: Wand              |     1 |     1 ||     2
  Use: Potion            |       |     5 ||     5
  Eat: Chunk             |     2 |     1 ||     3
